 Dungeon Crawl Stone Soup version 0.29-a0-834-g1e95ca9f62 (webtiles) character file.

Game seed: 14644819923777282682

37 macbigdog1 the Trooper (level 3, 0/29 HPs)
             Began as a Human Fighter on July 12, 2022.
             Slain by a gnoll
             ... wielding a +0 flail
              (5 damage)
             ... on level 2 of the Dungeon.
             The game lasted 00:11:32 (1196 turns).

macbigdog1 the Trooper (Human Fighter)              Turns: 1196, Time: 00:11:32

Health: 0/29       AC:  6    Str: 18    XL:     3   Next: 60%
Magic:  3/3        EV:  9    Int:  8    God:
Gold:   43         SH:  4    Dex: 12    Spells: 2/2 levels left

rFire   . . .      SeeInvis .   a - +0 long sword
rCold   . . .      Faith    .   c - +0 buckler
rNeg    . . .      Spirit   .   b - +0 scale mail
rPois   .          Reflect  .   (no helmet)
rElec   .          Harm     .   (no cloak)
rCorr   .          Rampage  .   (no gloves)
Will    .....                   (no boots)
Stlth   ..........              (no amulet)
HPRegen 0.09/turn               (no ring)
MPRegen 0.08/turn               (no ring)

@: no status effects
A: no striking features
a: no special abilities


You were on level 2 of the Dungeon.
You visited 1 branch of the dungeon, and saw 2 of its levels.

You collected 43 gold pieces.

Inventory:

Hand Weapons
 a - a +0 long sword (weapon)
Armour
 b - a +0 scale mail (worn)
 c - a +0 buckler (worn)
Jewellery
 f - a ring of positive energy
 i - a ring of magical power
Scrolls
 h - a scroll of noise {unknown}
Potions
 d - a potion of might
 g - a potion of curing {unknown}
 j - a potion of haste


   Skills:
 + Level 3.5 Fighting
 + Level 2.5 Long Blades
 + Level 3.1 Armour
 + Level 3.3 Shields


You had 2 spell levels left.
You didn't know any spells.
Your spell library was empty.

Dungeon Overview and Level Annotations

Branches:
Dungeon (2/15)

Altars:


Message History

You see here 6 poisoned darts.
You see here 6 poisoned darts.
What are your orders? t - Shout!
Orders for allies: a - Attack new target. r - Retreat! s - Stop attacking. g - Guard the area. f - Follow me.
Anything else - Cancel.
Okay, then.
Sorry, you're not good enough to have a special ability.
Unknown command.
Okay, then.
There are no items here.
You don't know any spells.
Press: ? - help, v - describe, . - travel An escape hatch in the floor.
There is an escape hatch in the floor here.
You slide downwards.
The hatch slams shut behind you.
The gnoll shouts! 2 gnolls come into view.
The gnoll shouts! x2
You block the gnoll's attack. The gnoll barely misses you.
The gnoll completely misses you. The gnoll hits you with a +0 flail!
The gnoll hits you but does no damage. The gnoll barely misses you.
You block the gnoll's attack.
You slash the gnoll!
The gnoll is severely wounded.
The gnoll hits you but does no damage. The gnoll hits you with a +0 flail.
The gnoll hits you but does no damage.
You slash the gnoll!
You kill the gnoll!
The gnoll hits you with a +0 flail. You block the gnoll's attack.
You hit the gnoll but do no damage. The gnoll hits you with a +0 flail.
The gnoll hits you but does no damage. The gnoll hits you with a +0 flail.
The gnoll closely misses you.
You hit the gnoll but do no damage. The gnoll hits you with a +0 flail.
* * * LOW HITPOINT WARNING * * *
The gnoll hits you with a +0 flail.
You die...

### ..#
#.# #.#
#.# #.#
#####)#
#...g@#
#......g##
#.##.##.#
.. #.# #.#
#.. # ...
... ...#


You could see 2 gnolls.

Vanquished Creatures
  A gnoll (D:2)
  A dart slug (D:1)
  2 ball pythons (D:1)
  An endoplasm (D:1)
  3 giant cockroaches (D:1)
  3 goblins (D:1)
  5 hobgoblins (D:1)
  2 kobolds (D:1)
  A quokka (D:1)
  2 rats (D:1)
21 creatures vanquished.

Vanquished Creatures (others)
  4 plants (D:1)
4 creatures vanquished.

Grand Total: 25 creatures vanquished

Notes
Turn   | Place    | Note
-------+----------+-------------------------------------------
     0 | D:1      | macbigdog1 the Human Fighter began the quest for the Orb.
     0 | D:1      | Reached XP level 1. HP: 18/18 MP: 1/1
   123 | D:1      | Reached XP level 2. HP: 11/24 MP: 2/2
   425 | D:1      | Found a faded altar of an unknown god.
   499 | D:1      | Reached XP level 3. HP: 15/29 MP: 3/3
  1196 | D:2      | Slain by a gnoll

Illustrated notes

Levels and vault maps discovered:
D:1:      wheals_arrival_shading, layout_rooms, chequers_ecumenical_altar_lobes
D:2:      layout_loops_cross, basic_altar, minmay_misc_feat_alley,
          kennysheep_path_1, uniq_natasha, uniq_sigmund

Action                   || total
-------------------------++-------
Melee: Long sword        ||    67
  Use: Scroll            ||     1
Armor: Scale mail        ||    29
Dodge: Dodged            ||    35
Block: Buckler           ||    18

Table legend: (Time is in decaauts)
 A = Elapsed time spent in this place.
 B = Non-inter-level travel time spent in this place.
 C = Inter-level travel time spent in this place.
 D = Time resting spent in this place.
 E = Time spent auto-exploring this place.
 F = Levels seen in this place.
 G = Mean time per level.
                   A        B        C        D        E       F      G
               +--------+--------+--------+--------+--------+-----+--------+
         Total |   1218 |   1216 |      2 |    200 |     45 |   2 |  609.0 |
       Dungeon |   1218 |   1216 |      2 |    200 |     45 |   2 |  609.0 |
               +--------+--------+--------+--------+--------+-----+--------+

Top non-repeatable levels by time:
     D:1: 1209 daAuts
     D:2: 8 daAuts
